Map: Orbital Shipyard

Players

Bop

  • Race: Zerg Zerg

WinD - Winner!

  • Race: Zerg Zerg

VOD

Have the link to the VOD?

Description

Time

  • Played on: May 6, 2015, 8:07 p.m.
  • Length: 20:30
Show
View Real Time Build Order
Export as new Build Order

Bop Zerg 

Build Orders: Hatch First, Lurkers 

Get SALT Encoding   

  12  0:01  Drone  
  13  0:12  Overlord  
  13  0:20  Drone  
  14  0:33  Drone x2  
  16  0:37  Drone  
  17  0:45  Drone  
  18  0:57  Hatchery  
  18  1:03  Drone  
  18  1:06  Extractor  
  18  1:07  Drone  
  18  1:20  Spawning Pool  
  18  1:21  Drone  
  18  1:44  Drone x2  
  20  1:51  Overlord  
  20  2:06  Queen  
  22  2:09  Queen  
  22  2:10  Zergling x4  
  22  2:11  Metabolic Boost  
  26  2:20  Drone x2  
  28  2:28  Drone  
  29  2:33  Baneling Nest, Drone  
  29  2:38  Drone  
  29  2:42  Overlord  
  30  2:47  Queen  
  30  2:49  Drone  
  33  2:55  Drone x2  
  35  3:06  Drone x2  
  37  3:14  Lair  
  37  3:16  Drone x4  
  37  3:19  Overlord  
  40  3:29  Drone x3  
  40  3:33  Extractor  
  42  3:36  Drone x2  
  42  3:37  Extractor  
  42  3:39  Zergling x2  
  42  3:40  Zergling x2  
  45  3:44  Drone  
  46  3:52  Drone x2  
  46  3:54  Drone x3, Spine Crawler  
  50  3:56  Overlord  
  50  4:06  Drone x2  
  50  4:07  Overlord  
  52  4:17  Hydralisk Den, Overseer  
  52  4:20  Overseer  
  51  4:25  Overlord  
  51  4:34  Extractor  
  50  4:38  Overlord  
  50  4:43  Drone x2, Lurker Den  
  50  4:44  Drone  
  52  4:54  Overseer  
  52  4:57  Hydralisk x4  
  60  5:02  Zergling x6  
  60  5:03  Zergling x4  
  65  5:12  Hatchery  
  64  5:14  Overlord  
  64  5:17  Drone  
  65  5:29  Hydralisk x5  
  65  5:31  Overlord x2  
  75  5:51  Hydralisk  
  75  5:52  Hydralisk x5  
  75  5:56  Overlord  
  87  5:57  Overlord  
  87  6:07  Drone x2  
  87  6:08  Drone x5  
  87  6:10  Lurker x2  
  96  6:16  Overlord  
  89  6:27  Drone x7  
  95  6:35  Overlord  
  95  6:37  Drone  
  96  6:45  Lurker  
  96  6:46  Lurker x2  
  99  6:47  Drone x7  
  99  6:50  Extractor  
  99  6:51  Infestation Pit, Extractor  
  103  6:58  Evolution Chamber  
  103  7:00  Overseer  
  102  7:04  Pneumatized Carapace  
  102  7:05  Drone x4  
  106  7:11  Overlord  
  106  7:15  Zergling x6  
  107  7:16  Zergling x12  
  115  7:30  Hive  
  115  7:31  Zergling x2  
  115  7:32  Zergling x14  
  122  7:51  Zergling x16  
  119  7:55  Zerg Melee Weapons Level 1  
  119  7:57  Zergling x4  
  107  8:11  Zergling x2  
  107  8:12  Zergling x6  
  105  8:24  Hydralisk x11  
  105  8:26  Overlord  
  118  8:44  Adrenal Glands  
  118  8:47  Ultralisk Cavern  
  117  8:52  Lurker x4  
  117  8:53  Zergling x2  
  117  8:54  Zergling x14  
  129  8:59  Hatchery  
  128  9:10  Zergling x2  
  128  9:11  Zergling x22  
  128  9:13  Lurker  
  128  9:14  Lurker x2  
  142  9:20  Extractor  
  142  9:21  Overlord  
  142  9:22  Extractor  
  142  9:24  Overlord x2  
  140  9:27  Zergling x2  
  140  9:28  Zergling x4  
  140  9:41  Queen  
  133  9:47  Ultralisk x2  
  133  9:52  Overlord  
  145  9:56  Spine Crawler  
  145  9:57  Drone  
  145  9:58  Drone x2, Spine Crawler  
  145  9:59  Drone x3  
  153  10:07  Ultralisk  
  150  10:16  Zergling x6  
  150  10:17  Zergling x4  
  150  10:21  Overlord  
  154  10:28  Chitinous Plating  
  154  10:29  Zerg Melee Weapons Level 2  
  147  10:38  Burrow  
  140  10:43  Overseer  
  140  10:47  Ultralisk  
  140  10:49  Zergling x26  
  151  10:57  Overlord x2  
  151  11:01  Lurker x3  
  151  11:04  Zergling x20  
  151  11:10  Overlord  
  160  11:12  Zergling x2  
  160  11:13  Zergling x2  
  162  11:19  Ultralisk  
  162  11:25  Overlord  
  164  11:30  Ultralisk x2  
  171  11:37  Zergling x2  
  171  11:38  Zergling x8  
  157  11:43  Zergling x2  
  139  11:51  Zergling x2  
  139  11:52  Zergling x2  
  131  11:59  Zergling x2  
  131  12:00  Zergling x4  
  116  12:18  Hydralisk x4  
  116  12:20  Hatchery, Spine Crawler  
  110  12:22  Overseer  
  110  12:26  Spore Crawler  
  109  12:30  Overseer x2  
  109  12:35  Hydralisk  
  109  12:36  Hydralisk x2  
  115  12:53  Lurker x3  
  115  12:54  Lurker  
  115  12:56  Zergling x18  
  125  13:06  Overlord  
  125  13:12  Overlord  
  115  13:33  Zergling x20  
  91  13:46  Ultralisk x2  
  94  13:49  Hydralisk x2  
  98  14:01  Ultralisk  
  104  14:03  Overseer  
  104  14:12  Zergling x6  
  104  14:13  Zergling x16  
  115  14:17  Overlord x2  
  115  14:29  Ultralisk  
  111  14:41  Ultralisk  
  113  14:53  Ultralisk  
  113  14:54  Ultralisk  
  113  14:59  Hydralisk x3  
  119  15:06  Hydralisk  
  115  15:09  Overseer  
  115  15:17  Hydralisk  
  115  15:18  Hydralisk  
  115  15:20  Overseer  
  116  15:33  Ultralisk  
  113  15:38  Zergling x4  
  113  15:39  Spine Crawler  
  113  15:42  Spine Crawler  
  113  15:46  Lurker  
  113  15:48  Zergling x4  
  116  16:02  Zergling x2  
  116  16:03  Zergling x8  
  121  16:09  Zergling x6  
  119  16:34  Lurker x3  
  119  16:36  Zergling x10  
  111  17:07  Zergling x8  
  111  17:08  Zergling x8  
  111  17:25  Zergling x2  
  111  17:26  Zergling x8  
  106  17:44  Zergling x6  
  97  17:56  Zergling x4  
  95  18:05  Zergling x2  
  95  18:06  Zergling x2  
  85  18:16  Hydralisk  
  85  18:17  Hydralisk  
  83  18:26  Hydralisk  
  78  18:39  Overseer  
  76  18:41  Overseer  
  76  19:14  Lurker x2  
  76  19:15  Lurker  
Show
View Real Time Build Order
Export as new Build Order

WinD Zerg - Winner!

Build Orders: Hatch First, Swarm Host 

Get SALT Encoding   

  12  0:02  Drone  
  13  0:12  Overlord  
  13  0:22  Drone  
  14  0:31  Drone x2  
  14  0:35  Drone  
  17  0:54  Hatchery  
  17  0:55  Drone  
  17  0:59  Drone  
  18  1:10  Drone  
  19  1:17  Spawning Pool  
  18  1:19  Drone  
  18  1:22  Extractor  
  18  1:28  Drone  
  19  1:41  Overlord  
  19  1:54  Drone  
  20  2:05  Drone  
  20  2:07  Zergling x2  
  22  2:08  Queen  
  22  2:09  Queen  
  22  2:14  Drone  
  27  2:19  Drone  
  28  2:26  Drone  
  28  2:29  Drone  
  30  2:32  Drone  
  31  2:44  Queen x2  
  35  2:51  Drone  
  35  2:53  Overlord  
  35  2:54  Overlord  
  36  3:14  Drone x4  
  36  3:18  Drone x2  
  36  3:19  Drone  
  42  3:20  Roach Warren, Drone x5  
  42  3:22  Evolution Chamber  
  45  3:27  Lair  
  45  3:31  Drone x2  
  45  3:33  Drone  
  48  3:41  Drone, Extractor  
  48  3:42  Drone, Extractor  
  48  3:46  Drone  
  49  3:54  Drone x3  
  52  3:55  Zerg Missile Weapons Level 1  
  52  3:56  Overlord  
  52  3:58  Overlord  
  52  4:14  Overlord x2  
  52  4:16  Roach x4  
  60  4:20  Roach  
  62  4:30  Drone x4  
  66  4:31  Extractor  
  65  4:46  Overseer  
  65  4:47  Hatchery  
  65  4:48  Roach x3  
  70  4:53  Glial Reconstitution  
  70  4:56  Roach x3  
  70  4:58  Overlord  
  70  4:59  Overlord  
  76  5:06  Overlord x2  
  76  5:16  Burrow  
  76  5:17  Drone  
  76  5:18  Drone x5  
  76  5:20  Overseer  
  82  5:27  Roach  
  84  5:31  Roach x4  
  84  5:33  Roach  
  94  5:43  Drone x5  
  94  5:45  Extractor  
  98  5:55  Overseer, Roach  
  98  5:56  Roach  
  102  5:59  Zerg Missile Weapons Level 2  
  102  6:04  Drone x4  
  106  6:08  Extractor  
  105  6:11  Roach  
  105  6:12  Roach x4  
  115  6:19  Overlord x2  
  115  6:24  Roach x3  
  99  6:36  Drone  
  99  6:37  Drone x5  
  99  6:39  Drone  
  106  6:42  Hydralisk Den  
  106  6:49  Infestation Pit  
  106  6:52  Drone x2  
  107  6:58  Roach x3  
  113  7:03  Roach x4  
  113  7:04  Drone  
  113  7:06  Overlord x3  
  122  7:16  Extractor  
  121  7:28  Swarm Host x6  
  139  7:35  Hatchery  
  139  7:40  Roach  
  139  7:41  Roach x2  
  141  7:53  Overseer  
  103  7:59  Roach x9  
  115  8:11  Roach  
  115  8:12  Roach x6  
  114  8:21  Roach  
  114  8:30  Roach  
  114  8:31  Roach  
  114  8:32  Queen  
  120  8:37  Swarm Host x3, Zerg Ground Armor Level 1  
  120  8:40  Roach x17  
  129  8:55  Overlord x4  
  129  9:00  Overseer  
  129  9:07  Hive  
  129  9:13  Extractor  
  129  9:15  Roach x11  
  151  9:24  Hatchery  
  151  9:29  Swarm Host  
  153  9:47  Hydralisk Den  
  152  9:54  Roach  
  152  9:58  Overlord  
  152  9:59  Overlord x4  
  154  10:05  Overlord x3  
  154  10:06  Overlord  
  154  10:21  Muscular Augments  
  154  10:24  Roach x8  
  170  10:31  Zerg Missile Weapons Level 3  
  164  10:40  Hatchery  
  163  10:49  Swarm Host x2  
  163  10:50  Swarm Host x2  
  163  10:54  Hydralisk  
  163  10:55  Hydralisk x4  
  186  11:18  Hydralisk  
  186  11:19  Hydralisk x5  
  197  11:35  Hydralisk  
  197  11:36  Hydralisk x2  
  197  11:39  Hatchery  
  184  11:43  Roach x4  
  184  11:44  Roach  
  178  11:53  Roach  
  178  11:54  Roach x6  
  140  12:11  Roach x2  
  140  12:15  Roach x6  
  134  12:26  Roach x2  
  134  12:27  Roach x2  
  144  12:37  Roach x2  
  144  12:50  Roach  
  144  12:51  Roach x3  
  150  13:00  Hydralisk x5  
  150  13:01  Hydralisk x2  
  150  13:04  Hydralisk  
  166  13:15  Hydralisk x3  
  172  13:28  Hydralisk  
  172  13:29  Hydralisk x3  
  164  13:44  Hydralisk x6  
  164  13:47  Queen  
  174  13:49  Spine Crawler  
  174  13:50  Drone  
  174  13:52  Drone, Spine Crawler  
  172  14:20  Hydralisk x3  
  172  14:21  Hydralisk x2  
  172  14:23  Roach x3  
  172  14:24  Roach  
  188  14:55  Pneumatized Carapace  
  140  15:00  Roach  
  140  15:01  Roach x6  
  140  15:04  Drone x11  
  140  15:05  Drone x8  
  147  15:28  Hydralisk  
  147  15:29  Hatchery, Hydralisk  
  150  16:07  Hydralisk x3  
  156  16:23  Roach x3  
  158  16:40  Roach x2  
  150  17:05  Roach x3  
  149  17:14  Overseer  
  141  17:30  Hydralisk  
  141  17:31  Hydralisk x6  
  152  17:43  Roach x3  
  128  17:46  Roach x2  
  122  17:56  Roach x2  
  91  18:13  Lurker Den  
  89  19:02  Hydralisk  
  89  19:03  Hydralisk x6  
  89  19:21  Hydralisk x6  
  89  19:44  Lurker  
  90  19:46  Lurker x3  
  90  19:52  Roach x2  
  99  19:53  Roach  
Tags
 
Add a new tag
Caveats
  • Supply blocks, unpowered buildings, or Contaminate may cause inaccurate times.
  • Supply counts are checked every 10 seconds.